 Dungeon Crawl Stone Soup version 0.20.1-1-g8b1a95d66d (webtiles) character file.

114 Ashiichan the Insei (level 4, 0/29 HPs)
             Began as an Octopode Transmuter on Dec 24, 2017.
             Slain by vlindergert's ghost (14 damage)
             ... on level 3 of the Dungeon.
             The game lasted 00:13:49 (3353 turns).

Ashiichan the Insei (Octopode Transmuter)           Turns: 3353, Time: 00:13:49

Health: 0/29       AC:  1    Str:  9    XL:     4   Next: 98%
Magic:  4/7        EV: 14    Int: 16    God:
Gold:   155        SH:  3    Dex: 12    Spells: 1/7 levels left

rFire    . . .     SeeInvis .     - Unarmed
rCold    . . .     Gourm    .   (no shield)
rNeg     . . .     Faith    .   (helmet restricted)
rPois    +         Spirit   .   p - +3 amulet of reflection
rElec    .         Reflect  +   k - ring of poison resistance
rCorr    .         Harm     .   (no ring)
MR       .....                  (no ring)
Stlth    ++........             (no ring)
Regen    0.1/turn               (no ring)
MPRegen  0.1/turn               (no ring)
                                (no ring)
                                (no ring)

@: appendage
A: almost no armour, stealthy swim, amphibious, 8 rings, constrict 8, tentacle
spike 3, camouflage 1, gelatinous body 1
a: End Transformation


You were on level 3 of the Dungeon.
You were not hungry.
One of your tentacles had a temporary spike.
You visited 1 branch of the dungeon, and saw 4 of its levels.

You collected 155 gold pieces.

Inventory:

Hand Weapons
 d - a +0 short sword
Missiles
 a - 78 arrows
 s - 14 poisoned needles
Armour
 g - a +0 robe
Jewellery
 k - a ring of poison resistance (left tentacle)
 p - a +3 amulet of reflection (around mantle)
Scrolls
 j - a scroll of enchant armour {unknown}
 l - 4 scrolls of identify {unknown}
 m - a scroll of fear {unknown}
 o - a scroll of remove curse {unknown}
 q - 3 scrolls of teleportation {unknown}
 r - a scroll of blinking {unknown}
 u - a scroll of amnesia {unknown}
Potions
 e - a potion of might {unknown}
 f - a potion of resistance {unknown}
 h - a potion of haste {unknown}
 i - a potion of ambrosia {unknown}
 n - 2 potions of curing {unknown}
Books
 b - a book of Changes

   Spells                             Type                      Level
   a - Beastly Appendage              Transmutation                1
   b - Sticks to Snakes               Transmutation                2
   c - Spider Form                    Transmutation/Poison         3
   d - Ice Form                       Ice/Transmutation            4
   e - Blade Hands                    Transmutation                5
Comestibles
 c - 2 bread rations
 t - a royal jelly
 v - 2 chunks of flesh


   Skills:
 + Level 2.0 Fighting
 + Level 3.2 Dodging
 + Level 3.7 Unarmed Combat
 + Level 2.3 Spellcasting
 + Level 2.6 Transmutations


You had one spell level left.
You knew the following spells:

 Your Spells              Type           Power        Failure   Level  Hunger
a - Beastly Appendage     Tmut           ##....       7%          1    #......
b - Sticks to Snakes      Tmut           ##......     11%         2    ###....
c - Spider Form           Tmut/Pois      #.........   34%         3    ###....


Dungeon Overview and Level Annotations

Branches:
Dungeon (4/15)
 Temple: D:4-7

Altars:
Ashenzari

Annotations:
D:3 vlindergert's ghost, amateur MiFi


Innate Abilities, Weirdness & Mutations

You cannot wear most types of armour.
You are very stealthy in the water. (Stealth+)
You are amphibious.
You can wear up to eight rings at the same time.
You can use your tentacles to constrict eight enemies at once.
Your skin changes colour to match your surroundings (Stealth+).
Your rubbery body absorbs attacks. (AC +1, EV +1)
One of your tentacles bears a large vicious spike.


Message History

You create a snake!
You now have 78 arrows.
Casting: Sticks to Snakes
Confirm with . or Enter, or press ? or * to list all spells.
One of your tentacles grows a vicious spike.
Vlindergert's ghost hits you!
Ouch! That really hurt!
Your ball python bites vlindergert's ghost but does no damage.
You tentacle-slap vlindergert's ghost but do no damage.
Vlindergert's ghost closely misses you.
Your ball python bites vlindergert's ghost but does no damage.
You tentacle-slap vlindergert's ghost but do no damage.
Your tentacle spike misses vlindergert's ghost.
Your ball python bites vlindergert's ghost but does no damage.
Vlindergert's ghost barely misses you.
You tentacle-slap vlindergert's ghost but do no damage.
You pierce vlindergert's ghost!
Vlindergert's ghost is lightly damaged.
Your ball python bites vlindergert's ghost but does no damage.
Vlindergert's ghost hits you!
You die...

.. ### ....... .# ..
.... ....... .# ..
... ........#.# ..
... .........!.#
..##.##...........#
#..#[##..........S#
#.#..#.........W.##
##.........#.# #@..#
..#........#.# #...#
#............###...#
##.................#
...........<...#...#
###........#####...#
#........# #...#
######..## #####
####


You could see vlindergert's ghost and a friendly ball python.

Vanquished Creatures
  An orc wizard (D:3)
  2 adders (D:2)
  An ooze (D:1)
  2 dart slugs (D:2)
  A leopard gecko (D:1)
  3 orcs (D:3)
  5 bats
  A giant cockroach (D:2)
  6 goblins
  8 hobgoblins
  3 jackals (D:2)
  3 kobolds
  2 quokkas (D:2)
  A frilled lizard (D:2)
  5 rats
44 creatures vanquished.

Vanquished Creatures (collateral kills)
  An adder (D:2)
  A worm (D:2)
  An orc (D:3)
  A goblin (D:2)
  A jackal (D:2)
  2 rats (D:2)
7 creatures vanquished.

Grand Total: 51 creatures vanquished

Notes
Turn   | Place    | Note
-------+----------+-------------------------------------------
     0 | D:1      | Ashiichan the Octopode Transmuter began the quest for the Orb.
     0 | D:1      | Reached XP level 1. HP: 13/13 MP: 3/3
   337 | D:1      | Reached XP level 2. HP: 18/18 MP: 5/5
   795 | D:1      | Reached XP level 3. HP: 23/23 MP: 4/6
   954 | D:2      | Learned a level 2 spell: Sticks to Snakes
   958 | D:2      | Learned a level 3 spell: Spider Form
  1638 | D:2      | Reached XP level 4. HP: 28/28 MP: 5/7
  2416 | D:2      | Found a shattered altar of Ashenzari.
  3346 | D:3      | Noticed vlindergert's ghost (amateur MiFi)
  3353 | D:3      | Slain by vlindergert's ghost

Skill      XL: |  1  2  3  4 |
---------------+-------------+-----
Dodging        | 3 |  3.2
Fighting       | 2 |  2.0
Unarmed Combat | |  3.7
Spellcasting   | |  2.3
Transmutations | |  2.6

Action                   |  1- 3 |  4- 6 || total
-------------------------+-------+-------++-------
Melee: Unarmed           |    58 |    49 ||   107
       Tentacles         |    15 |     8 ||    23
       Constrict         |    15 |    10 ||    25
       Kick              |     6 |     7 ||    13
 Cast: Beastly Appendage |    12 |     6 ||    18
       Sticks to Snakes  |     8 |    11 ||    19
 Stab: Sleeping          |     4 |     5 ||     9
  Eat: Chunk             |     3 |     2 ||     5
       Bread ration      |       |     1 ||     1
Armor: Skin              |     5 |     4 ||     9
Dodge: Dodged            |    38 |    26 ||    64
Block: Other             |       |     1 ||     1
       Reflection        |       |     1 ||     1
